Description

A very generic PvX build. If vs zerg just wall of!

Build Order

Get SALT Encoding   

  13  0:01  Probe  
  14  0:20  Pylon  
  15  0:21  Probe  
  16  0:40  Gateway  Scout
  17  0:54  Assimilator  
  18  0:59  Probe (Chrono Boost)  
  19  1:16  Assimilator  
  21  1:32  Cybernetics Core  
  21  1:40  Pylon  
  23  2:00  Stalker  
  23  2:05  Warp Gate  Observer
  27  2:30  Nexus  
  28  2:45  Robotics Bay  
Spawning Tool Build Advisor. Get it on Overwolf

Go to:

Details

  • Created by: kwskii
  • Published on: Feb 20, 2018
  • Modified on: Feb 20, 2018
  • Patch: 4.0.0
Show
View Real Time Build Order
Export as new Build Order

Comments (1)

On March 13, 2018, 1:13 p.m., Dropout  said:

Sorry, but how is this a safe PvX opening? Any early agression in PvP should be really hard to hold off with this unless you suddenly invest heavily into batteries.. Do you build gates immediatelly after where the BO ends? Thx for ibfo

Create an account to comment!